Map: Dreamcatcher LE

Players

KaelzY - Winner!

  • Race: Terran Terran
  • League: Grandmaster
  • Spawn Location: 5:00

JimRising

  • Race: Zerg Zerg
  • League: Grandmaster
  • Spawn Location: 11:00

VOD

Have the link to the VOD?

Description

Time

  • Played on: Aug. 22, 2018, 12:11 a.m.
  • Length: 11:11
Show
View Real Time Build Order
Export as new Build Order

KaelzY Terran - Winner!

Build Orders: Reaper Expand, Hellion Banshee, Mech 

Get SALT Encoding   

  12  0:00  SCV  
  13  0:13  SCV  
  14  0:17  Supply Depot  
  14  0:25  SCV  
  15  0:28  Refinery  
  15  0:39  SCV  
  16  0:45  Barracks  
  16  0:51  SCV  
  17  1:03  SCV  
  18  1:15  SCV  
  19  1:32  Orbital Command  
  19  1:33  Reaper  
  20  1:45  Command Center  
  20  1:57  Factory  
  20  2:00  SCV  
  21  2:07  Barracks Reactor  
  21  2:12  SCV  
  21  2:15  Supply Depot  
  22  2:18  Refinery  
  22  2:24  SCV  
  23  2:37  SCV  
  24  2:48  Starport  
  24  2:49  SCV  
  25  2:52  Hellion x2  
  29  2:59  Orbital Command  
  29  3:01  Barracks Tech Lab, SCV  
  30  3:13  Hellion  
  30  3:14  Hellion  
  30  3:17  SCV  
  35  3:25  SCV  
  36  3:27  Supply Depot  
  36  3:29  SCV  
  37  3:37  SCV  
  37  3:39  Hellion  
  37  3:40  Hellion  
  42  3:42  SCV  
  43  3:49  Viking  
  43  3:51  Supply Depot, SCV  
  46  4:01  Hellion  
  48  4:03  Hellion  
  48  4:04  SCV  
  46  4:19  Banshee, Cloaking Field  
  46  4:22  SCV x2, Hellion  
  49  4:31  Command Center  
  49  4:35  SCV x2  
  51  4:41  Hellion  
  53  4:47  SCV x2  
  53  4:48  Supply Depot  
  55  4:59  SCV x2  
  57  5:00  Cyclone  
  60  5:09  Banshee  
  60  5:10  Cyclone  
  60  5:11  Armory, SCV x2  
  60  5:13  Refinery  
  68  5:14  Refinery  
  68  5:17  Supply Depot  
  68  5:23  SCV x2  
  70  5:39  SCV x2, Hellion  
  70  5:40  Supply Depot  
  70  5:42  Hellion  
  76  5:43  Barracks Tech Lab  
  76  5:44  Orbital Command, Factory  
  76  5:45  Factory  
  76  5:51  SCV x2  
  78  6:03  SCV x2  
  80  6:04  Supply Depot  
  80  6:05  Hellion x2  
  80  6:09  Terran Vehicle Weapons Level 1  
  84  6:16  Starport Reactor  
  84  6:17  Orbital Command  
  84  6:18  Refinery  
  84  6:21  Refinery  
  82  6:35  Hellion x2  
  82  6:38  SCV x2  
  75  6:42  Thor x2  
  75  6:44  SCV  
  83  6:50  SCV x2  
  85  6:54  Supply Depot, Medivac x2  
  85  6:56  Supply Depot, SCV  
  85  7:00  Hellion x2  
  94  7:02  SCV x2  
  94  7:06  Armory  
  96  7:08  SCV  
  96  7:14  SCV x2  
  99  7:17  Supply Depot  
  99  7:20  SCV  
  99  7:21  Hellion x2  
  104  7:25  Barracks Tech Lab  
  104  7:26  Factory  
  104  7:28  SCV x2  
  104  7:29  Factory  
  106  7:32  Siege Tank  
  106  7:33  SCV  
  106  7:35  Siege Tank  
  113  7:43  Supply Depot, SCV x2  
  115  7:45  SCV, Hellion x2  
  120  7:56  Supply Depot  
  120  7:57  Supply Depot, SCV  
  121  8:00  SCV x2  
  121  8:04  Starport Reactor  
  123  8:06  Hellion  
  123  8:09  SCV  
  123  8:12  SCV  
  127  8:14  Siege Tank x2, Hellion  
  129  8:27  Command Center  
  123  8:38  Siege Tank, Hellion x2  
  123  8:39  Hellion x2  
  126  8:41  Terran Vehicle Weapons Level 2  
  126  8:42  Terran Vehicle And Ship Armor Level 1  
  126  8:43  Supply Depot  
  126  8:44  Supply Depot  
  126  8:46  Siege Tank x2  
  132  8:58  Viking x2  
  132  9:00  Hellion x2  
  140  9:05  Infernal Pre-Igniter  
  140  9:06  Supply Depot  
  140  9:07  Supply Depot  
  142  9:10  Hellion x2  
  142  9:11  Siege Tank  
  147  9:18  Siege Tank  
  147  9:23  Engineering Bay  
  150  9:26  Hellion x2  
  150  9:28  Siege Tank  
  157  9:37  Hellion  
  159  9:40  Viking x2  
  159  9:43  Siege Tank  
  166  9:49  Hellion x3  
  172  9:54  Refinery  
  172  9:58  Barracks  
  172  9:59  Siege Tank, Hellion  
  177  10:00  Refinery  
  177  10:09  Siege Tank  
  177  10:10  Viking x2  
  181  10:23  Siege Tank  
  181  10:24  Hellion  
  186  10:31  Siege Tank  
  189  10:37  Hellion x3  
  175  11:10  Command Center  
Show
View Real Time Build Order
Export as new Build Order

JimRising Zerg 

Build Orders: Hatch First 

Get SALT Encoding   

  12  0:01  Drone  
  13  0:12  Overlord  
  13  0:17  Drone  
  14  0:30  Drone  
  14  0:31  Drone  
  14  0:34  Drone  
  17  0:54  Hatchery  
  16  0:57  Drone  
  16  0:58  Drone  
  16  1:02  Extractor  
  17  1:15  Spawning Pool  
  16  1:19  Drone  
  16  1:23  Drone  
  18  1:28  Drone  
  19  1:39  Overlord  
  19  1:49  Drone  
  20  2:03  Queen  
  20  2:04  Zergling x2  
  20  2:06  Queen  
  20  2:07  Metabolic Boost  
  25  2:10  Zergling x2  
  25  2:14  Drone  
  27  2:17  Drone  
  27  2:21  Drone  
  29  2:29  Spore Crawler  
  28  2:30  Drone  
  28  2:32  Drone  
  31  2:38  Drone  
  31  2:42  Queen  
  34  2:45  Overlord  
  34  2:49  Drone  
  35  2:54  Drone  
  36  3:03  Drone  
  37  3:12  Overlord  
  37  3:13  Drone x3  
  37  3:14  Drone x2  
  37  3:16  Drone x2  
  44  3:25  Overlord  
  44  3:30  Hatchery  
  44  3:34  Queen  
  43  3:35  Overlord  
  43  3:39  Zergling x4  
  47  3:44  Drone x2  
  47  3:46  Queen  
  51  3:57  Zergling x4  
  51  4:01  Zergling x4  
  52  4:10  Zergling x4  
  50  4:20  Drone x3  
  50  4:21  Drone  
  53  4:25  Spore Crawler, Lair  
  53  4:28  Spore Crawler, Drone  
  52  4:37  Overlord  
  53  4:38  Drone x4  
  53  4:39  Drone  
  53  4:43  Queen  
  59  4:49  Spore Crawler, Drone x2  
  60  4:53  Drone x2  
  60  4:54  Drone  
  62  5:01  Overlord  
  62  5:09  Overlord  
  62  5:12  Extractor, Drone x2  
  62  5:13  Drone  
  62  5:14  Extractor, Drone x3  
  65  5:17  Baneling Nest  
  65  5:18  Drone  
  65  5:19  Extractor, Drone  
  66  5:22  Overlord  
  66  5:23  Drone x2  
  68  5:31  Zergling x6  
  71  5:36  Drone x3  
  71  5:37  Drone  
  71  5:39  Drone  
  76  5:46  Drone x2  
  76  5:47  Drone  
  76  5:48  Drone x2  
  81  5:56  Drone x2  
  83  5:57  Evolution Chamber x2  
  80  6:06  Queen  
  80  6:07  Zergling x6  
  80  6:08  Overseer, Spore Crawler, Zergling x4  
  80  6:09  Baneling  
  80  6:10  Baneling x6  
  80  6:11  Baneling, Zergling x4  
  88  6:12  Queen  
  88  6:16  Baneling x2  
  88  6:17  Baneling x2  
  89  6:20  Overlord x2  
  89  6:23  Zerg Ground Armor Level 1  
  89  6:24  Zerg Melee Weapons Level 1  
  77  6:49  Drone x2  
  77  6:50  Drone  
  77  6:51  Extractor x2, Drone x2  
  80  6:57  Zergling x2  
  80  6:58  Zergling x6  
  84  7:03  Extractor  
  84  7:05  Hatchery  
  84  7:06  Queen  
  84  7:07  Extractor  
  83  7:14  Centrifical Hooks  
  83  7:16  Drone  
  83  7:17  Hydralisk Den  
  83  7:24  Drone x3  
  83  7:25  Overlord x2, Drone x3  
  88  7:34  Drone  
  88  7:36  Drone x3  
  92  7:37  Drone x4  
  92  7:38  Overlord x2, Drone x2  
  98  7:48  Hydralisk  
  98  7:49  Hydralisk x4  
  108  7:51  Hydralisk  
  108  7:52  Hydralisk, Grooved Spines  
  108  7:54  Hydralisk  
  114  8:03  Hydralisk x3  
  114  8:04  Hydralisk x4  
  128  8:09  Hydralisk  
  128  8:10  Zergling x2  
  128  8:11  Baneling  
  128  8:12  Baneling x2  
  127  8:13  Zergling x2  
  127  8:17  Hydralisk  
  127  8:19  Hydralisk  
  128  8:21  Zergling x4  
  128  8:22  Hydralisk  
  129  8:45  Hatchery  
  129  8:47  Zerg Ground Armor Level 2  
  129  8:48  Zerg Missile Weapons Level 1  
  128  8:50  Overlord x2, Zergling x2  
  128  8:51  Overlord  
  126  8:56  Hatchery  
  125  9:03  Muscular Augments  
  125  9:06  Infestation Pit  
  125  9:08  Pneumatized Carapace  
  124  9:13  Drone x3  
  124  9:17  Extractor  
  126  9:22  Zergling x2  
  126  9:30  Hydralisk x3  
  126  9:31  Hydralisk x11  
  154  9:43  Overlord x2  
  154  9:45  Overlord  
  154  9:46  Overlord  
  154  9:48  Hive  
  154  9:59  Overlord  
  154  10:03  Drone x4  
  154  10:04  Drone x3  
  161  10:08  Zergling x8  
  161  10:09  Zergling x10  
  161  10:12  Extractor  
  169  10:16  Extractor  
  169  10:18  Zergling x4  
  169  10:25  Zergling x12  
  169  10:26  Zergling x2  
  170  10:31  Baneling x7  
  170  10:32  Baneling  
  170  10:41  Zergling x16  
  170  10:42  Zergling x2  
Tags
 
Add a new tag
Caveats
  • Supply blocks, unpowered buildings, or Contaminate may cause inaccurate times.
  • Supply counts are checked every 10 seconds.